 Dungeon Crawl Stone Soup version 0.30.1-11-g7821555f0a (webtiles) character file.

Game seed: 4250098227864561628

37 rowski the Magician (level 3, -4/16 HPs)
             Began as a Spriggan Conjurer on Nov 30, 2023.
             Slain by Sigmund
             ... wielding a +0 scythe
              (6 damage)
             ... on level 2 of the Dungeon.
             The game lasted 00:02:28 (1363 turns).

rowski the Magician (Spriggan Conjurer)             Turns: 1363, Time: 00:02:28

Health: -4/16      AC:  2    Str:  3    XL:     3   Next: 21%
Magic:  1/9        EV: 17    Int: 21    God:
Gold:   56         SH:  0    Dex: 13    Spells: 6/9 levels left

rFire   . . .        h - staff of poison
rCold   . . .        (shield currently unavailable)
rNeg    . . .        a - +0 robe
rPois   +            (helmet restricted)
rElec   .            (no cloak)
rCorr   .            (gloves unavailable)
SInv    +            (boots unavailable)
Will    .....        (no amulet)
Stlth   ++           e - ring of poison resistance
HPRegen 0.22/turn    (no ring)
MPRegen 0.11/turn

%: no passive effects
@: very quick
A: very small, no large weapons, unfitting armour, see invisible, speed 3
a: no special abilities


You were on level 2 of the Dungeon.
You visited 1 branch of the dungeon, and saw 2 of its levels.

You collected 56 gold pieces.

Inventory:

Armour
 a - a +0 robe (worn)
Magical Staves
 h - a staff of poison (weapon)
Jewellery
 e - a ring of poison resistance (left hand)
Scrolls
 i - a scroll of enchant weapon {unknown}
 k - a scroll of magic mapping {unknown}
Potions
 b - a potion of magic
 c - a potion of might {unknown}
 d - a potion of attraction {unknown}
 f - a potion of ambrosia {unknown}
 g - a potion of brilliance {unknown}
 j - a potion of lignification {unknown}


   Skills:
 + Level 2.7 Dodging
 + Level 3.1 Stealth
 + Level 3.5 Spellcasting
 + Level 3.4 Conjurations


You had 6 spell levels left.
You knew the following spells:

 Your Spells              Type           Power      Damage    Failure   Level
a - Magic Dart            Conj           72%        1d6       3%          1
b - Searing Ray           Conj           36%        2d5       4%          2

Your spell library contained the following spells:

 Spells                   Type           Power      Damage    Failure   Level
 Dazzling Flash           Conj/Hex       22%        N/A       19%         3
 Fulminant Prism          Conj/Hex       5%         3d7       52%         4
 Iskenderun's Mystic Bla  Conj/Tloc      11%        2d4       52%         4


Dungeon Overview and Level Annotations

Branches:
Dungeon (2/15)

Altars:

Annotations:
D:2 Sigmund


Innate Abilities, Weirdness & Mutations

You are very small and have problems with some larger weapons.
You are too small for most types of armour.
You have supernaturally acute eyesight. (SInv)
You cover ground extremely quickly. (Speed+++)


Message History

Aim: a goblin, wielding a +0 club (asleep, 100% to hit)
The magic dart hits the goblin.
You kill the goblin!
Sigmund the Dreaded comes into view.
He is wielding a +0 scythe and wearing a +2 robe of positive energy.
Found a quarterstaff.
Sigmund shouts!
Things that are here:
a +0 club; a goblin corpse
Found a short sword.
Casting: Magic Dart (safe; 3% risk of failure)
Confirm with . or Enter, or press ? or * to list all spells.
Aiming: Searing Ray (safe; 4% risk of failure)
Press: ? - help, Shift-Dir - straight line, f - Sigmund
Aim: Sigmund, wielding a +0 scythe and wearing a +2 robe of positive energy (75% to hit)
The searing ray hits Sigmund.
Sigmund is lightly wounded. (Press . to maintain the ray.)
The searing ray misses Sigmund.
Sigmund closely misses you.
The searing ray hits Sigmund.
Sigmund is lightly wounded.
The searing ray hits Sigmund.
Sigmund is moderately wounded.
You finish channelling your searing ray.
Sigmund hits you from afar with a +0 scythe!
Ouch! That really hurt!
Casting: Searing Ray (safe; 4% risk of failure)
Confirm with . or Enter, or press ? or * to list all spells.
Aiming: Searing Ray (safe; 4% risk of failure)
Press: ? - help, Shift-Dir - straight line, f/p - Sigmund
Aim: Sigmund, wielding a +0 scythe and wearing a +2 robe of positive energy (moderately wounded, 75% to hit)
The searing ray hits Sigmund!
Sigmund is severely wounded. (Press . to maintain the ray.) Sigmund gestures at you while chanting.
The magic dart hits you.
* * * LOW HITPOINT WARNING * * *
The searing ray hits Sigmund but does no damage.
Sigmund is severely wounded.
Sigmund hits you from afar with a +0 scythe.
You die...

.
#############
..
#...........#
...
#.#########.#
)... #.# #.#
.)... #.# #.#
.....@###.#
#.#
.......@).#
#.#
###########
#.# #.# ###
#.# ..# #.#
#.# #.# #.#
#.# #.# #.#
#.# #.#


You could see Sigmund.

Vanquished Creatures
  An adder (D:2)
  3 orcs (D:2)
  7 bats
  2 endoplasms (D:1)
  2 goblins
  A hobgoblin (D:1)
  A quokka (D:1)
  A ball python (D:1)
  A frilled lizard (D:1)
  A kobold (D:1)
  3 rats
23 creatures vanquished.

Notes
Turn   | Place    | Note
-------+----------+-------------------------------------------
     0 | D:1      | rowski the Spriggan Conjurer began the quest for the Orb.
     0 | D:1      | Reached XP level 1. HP: 9/9 MP: 5/5
   399 | D:1      | Reached XP level 2. HP: 13/13 MP: 4/6
   405 | D:1      | Learned a level 2 spell: Searing Ray
   625 | D:1      | Found a faded altar of an unknown god.
  1268 | D:2      | Reached XP level 3. HP: 16/16 MP: 3/8
  1356 | D:2      | Noticed Sigmund
  1363 | D:2      | Slain by Sigmund

Illustrated notes

Levels and vault maps discovered:
D:1:      dpeg_arrival_leaves_temple_mockup, layout_loops_ring,
          shapermc_ecumenical_altar_acropolis, minmay_misc_feat_hallway
D:2:      layout_basic, minmay_pentomino_x4, uniq_sigmund, uniq_robin

Skill      XL: |  1  2 |
---------------+-------+-----
Conjurations   | 3 |  3.4
Spellcasting   | 3 |  3.5
Dodging        | |  2.7
Stealth        | |  3.1

Action                     || total
---------------------------++-------
  Melee: Staff             ||     8
   Cast: Magic Dart        ||    31
         Searing Ray       ||     7
    Use: Scroll            ||     1
   Stab: Sleeping          ||     1
 Armour: Robe              ||     1
  Dodge: Dodged            ||    13
